[Event "Titled Tuesday Blitz April 25 Early 2023"]
[White "Martinez Alcantara, Jose Eduardo"]
[Black "Sieciechowicz, Marcin"]
[WhiteFideId "3805662"]
[BlackFideId "1130170"]
[WhiteElo "2711"]
[BlackElo "2302"]
[Result "0-1"]
[Round "04"]
[TimeControl "180+2"]
[Date "2023.04.25"]
[WhiteClock "0:00:01"]
[BlackClock "0:00:18"]

1. e4 e6 2. d4 d5 3. Nd2 c5 4. Ngf3 cxd4 5. Nxd4 Nf6 6. exd5 Nxd5 7. c3 Be7 8. N2f3 O-O 9. Bd3 Bd7 10. Qe2 Nc6 11. O-O Nxd4 12. Nxd4 a6 13. Qe4 g6 14. Bh6 Re8 15. Rad1 Qb6 16. Qe2 Rad8 17. Nf3 Bf8 18. Bg5 Be7 19. Bc1 Bf6 20. Be4 Qc7 21. c4 Nb4 22. b3 Bc6 23. a3 Bxe4 24. Qxe4 Na2 25. Bf4 Qb6 26. Rxd8 Rxd8 27. b4 Nc3 28. Qc2 a5 29. Bg5 Bxg5 30. Qxc3 Be7 31. c5 Qb5 32. h4 Qd3 33. Qe5 Qxa3 34. Qc7 Kf8 35. bxa5 Qxc5 36. Qxb7 Qxa5 37. Qe4 Qf5 38. Qe3 Bc5 39. Qh6+ Ke7 40. Qxh7 Qf6 41. Qh6 Rh8 42. Qc1 Bd6 43. Qc4 Qf4 44. Qc3 Rxh4 45. g3 Rg4 46. Qb3 Rxg3+ 47. fxg3 Qxg3+ 48. Kh1 Qh3+ 49. Kg1 Qg3+ 50. Kh1 Qh3+ 51. Kg1 Bc5+ 52. Rf2 Qg3+ 53. Kh1 Qxf2 54. Qb7+ Kf6 55. Qe4 Qf1+ 56. Kh2 Bd6+ 57. Ne5 Bxe5+ 58. Qxe5+ Kxe5 59. Kg3 Qf5 60. Kh4 Ke4 61. Kg3 Ke3 62. Kh2 Qg4 63. Kh1 Kf2 64. Kh2 Qh4# 0-1


[Site "https://www.chess.com"]

[Event "Titled Tuesday Blitz April 25 Early 2023"]
[White "Lazavik, Denis"]
[Black "Bryakin, Mikhail"]
[WhiteFideId "13515110"]
[BlackFideId "4165314"]
[WhiteElo "2560"]
[BlackElo "2447"]
[Result "1-0"]
[Round "04"]
[TimeControl "180+2"]
[Date "2023.04.25"]
[WhiteClock "0:01:54"]
[BlackClock "0:00:02"]

1. d4 d6 2. Nf3 Bg4 3. c4 c6 4. Nc3 Bxf3 5. exf3 Nf6 6. d5 g6 7. Be2 Bg7 8. O-O O-O 9. Be3 Nbd7 10. Rc1 a6 11. f4 cxd5 12. cxd5 b5 13. a3 Rc8 14. Re1 Nb6 15. Qb3 Nc4 16. Bd4 Nd7 17. Bxg7 Kxg7 18. Ne4 Na5 19. Qb4 Qb6 20. Bf1 Rxc1 21. Rxc1 Nb7 22. Qc3+ Nf6 23. Nxf6 exf6 24. Qc6 Qa7 25. Qd7 Rd8 26. Qe7 Rb8 27. Rc7 1-0


[Site "https://www.chess.com"]

[Event "Titled Tuesday Blitz April 25 Early 2023"]
[White "Aradhya, Garg"]
[Black "Tang, Andrew"]
[WhiteFideId "25006746"]
[BlackFideId "2059630"]
[WhiteElo "2263"]
[BlackElo "2596"]
[Result "1-0"]
[Round "04"]
[TimeControl "180+2"]
[Date "2023.04.25"]
[WhiteClock "0:00:05"]
[BlackClock "0:00:03"]

1. d4 d5 2. c4 e6 3. Nf3 Nf6 4. Nc3 Be7 5. Bf4 O-O 6. e3 b6 7. Rc1 c5 8. dxc5 bxc5 9. Be2 Nc6 10. O-O d4 11. exd4 cxd4 12. Nb5 Bc5 13. Ne5 Bb7 14. Nd3 Be7 15. c5 Nd5 16. Bg3 Bg5 17. Rb1 f5 18. Nd6 f4 19. Nxb7 Qf6 20. Nxf4 Nxf4 21. Bf3 Ne5 22. Nd6 Rad8 23. Kh1 h5 24. Qxd4 h4 25. Bxf4 Bxf4 26. Be2 Bxh2 27. Qe4 Bf4 28. b4 Ng6 29. Bc4 Bxd6 30. cxd6 Rxd6 31. Rbd1 Rb6 32. b5 Ne5 33. a4 Nxc4 34. Qxc4 Qg6 35. a5 Rb7 36. Rde1 Rf6 37. Qc8+ Kh7 38. Qxb7 Qg5 39. Qe4+ Rg6 40. Re3 Kg8 41. Rh3 Rh6 42. f4 Qxb5 43. Rd1 Qxa5 44. Qe5 Qa4 45. Rd8+ Kh7 46. Rd4 Qa1+ 47. Kh2 Qa6 48. Qe4+ Kg8 49. Rd8+ Kf7 50. Rd7+ Kf8 51. Qa8+ 1-0


[Site "https://www.chess.com"]

[Event "Titled Tuesday Blitz April 25 Early 2023"]
[White "Cherniaiev, Tykhon"]
[Black "Bortnyk, Olexandr"]
[WhiteFideId "14182360"]
[BlackFideId "14120828"]
[WhiteElo "2450"]
[BlackElo "2734"]
[Result "1/2-1/2"]
[Round "04"]
[TimeControl "180+2"]
[Date "2023.04.25"]
[WhiteClock "0:00:03"]
[BlackClock "0:00:02"]

1. Nf3 Nf6 2. d4 b6 3. g3 Bb7 4. Bg2 g6 5. c4 Bg7 6. Nc3 O-O 7. O-O Ne4 8. Qc2 Nxc3 9. Qxc3 c5 10. Rd1 cxd4 11. Nxd4 Bxg2 12. Kxg2 Qc8 13. Qf3 Na6 14. Nb3 d6 15. Bg5 Re8 16. Rab1 Qxc4 17. Bxe7 d5 18. Bf6 Qxe2 19. Qxe2 Rxe2 20. Bxg7 Kxg7 21. Rxd5 Nb4 22. Rd7 Nxa2 23. Nd4 Re4 24. Ra1 Nb4 25. Nb5 Re2 26. Nd6 Kf6 27. Raxa7 Rxa7 28. Rxa7 Rxb2 29. Ne8+ Ke6 30. Ng7+ Kf6 31. Ne8+ Ke6 32. Ng7+ Ke5 33. Rxf7 b5 34. Ne8 Nd5 35. Rxh7 b4 36. Nc7 Ne3+ 37. Kf3 Nd1 38. Rd7 Rxf2+ 39. Kg4 Ne3+ 40. Kh3 b3 41. Re7+ Kd4 42. Ne6+ Kc4 43. Rc7+ Kd5 44. Nf4+ Ke4 45. Rb7 b2 46. Rb4+ Kf5 47. Nd3 Rd2 48. Nxb2 g5 49. g4+ Nxg4 50. Rb5+ Kf4 51. Rb4+ Kf5 52. Rb5+ Kf4 53. Rb4+ Kf5 1/2-1/2


[Site "https://www.chess.com"]

[Event "Titled Tuesday Blitz April 25 Early 2023"]
[White "Pakleza, Zbigniew"]
[Black "Tactrics"]
[WhiteFideId "1119290"]
[WhiteElo "2410"]
[BlackElo "2961"]
[Result "1-0"]
[Round "04"]
[TimeControl "180+2"]
[Date "2023.04.25"]
[WhiteClock "0:00:02"]
[BlackClock "0:00:02"]

1. d4 d5 2. Bf4 h5 3. Nf3 Nf6 4. h3 Bf5 5. c4 c6 6. e3 e6 7. Nc3 Bd6 8. Ne5 Ne4 9. Be2 h4 10. Qb3 Qc7 11. c5 Nxc5 12. dxc5 Bxe5 13. Bxe5 Qxe5 14. Qxb7 O-O 15. O-O Rd8 16. Qxa8 Qc7 17. b4 Nd7 18. Qxd8+ Qxd8 19. Rfc1 Ne5 20. b5 Bd3 21. bxc6 Bxe2 22. Nxe2 Nxc6 23. Rab1 e5 24. Nc3 d4 25. exd4 Nxd4 26. Kh1 Qa5 27. Ne4 Nc6 28. Rb2 Qa3 29. Rbc2 f6 30. Nd6 Nd4 31. Rc3 Qxa2 32. c6 Nxc6 33. Rxc6 Qxf2 34. Rc8+ Kh7 35. R8c7 Kh6 36. Ne8 1-0


[Site "https://www.chess.com"]

[Event "Titled Tuesday Blitz April 25 Early 2023"]
[White "Bilych, Olexiy"]
[Black "Svane, Frederik"]
[WhiteFideId "14156504"]
[BlackFideId "12923044"]
[WhiteElo "2320"]
[BlackElo "2502"]
[Result "1-0"]
[Round "04"]
[TimeControl "180+2"]
[Date "2023.04.25"]
[WhiteClock "0:00:51"]
[BlackClock "0:00:03"]

1. d4 Nf6 2. c4 e6 3. Nf3 Bb4+ 4. Nbd2 O-O 5. a3 Bxd2+ 6. Qxd2 b6 7. e3 Bb7 8. Be2 d5 9. b3 c5 10. dxc5 Ne4 11. Qc2 Nxc5 12. O-O dxc4 13. Bxc4 Bxf3 14. gxf3 Qf6 15. f4 a5 16. Bb2 Qh4 17. Kh1 Qh5 18. Rg1 g6 19. Rg3 Nbd7 20. Rag1 Rac8 21. Qc3 e5 22. fxe5 Ne4 23. Qd4 Nxg3+ 24. Rxg3 Rxc4 25. bxc4 Nc5 26. e6 f6 27. e7 Re8 28. Qxf6 Qd1+ 29. Kg2 Ne6 30. Qxe6# 1-0


[Site "https://www.chess.com"]

[Event "Titled Tuesday Blitz April 25 Early 2023"]
[White "Gukesh D"]
[Black "Aaditya Dhingra"]
[WhiteFideId "46616543"]
[BlackFideId "25678191"]
[WhiteElo "2612"]
[BlackElo "2083"]
[Result "1-0"]
[Round "04"]
[TimeControl "180+2"]
[Date "2023.04.25"]
[WhiteClock "0:02:27"]
[BlackClock "0:02:00"]

1. Nf3 d5 2. g3 Nf6 3. Bg2 c6 4. O-O Bg4 5. h3 Bxf3 6. Bxf3 e5 7. d3 Nbd7 8. Nd2 Be7 9. e4 dxe4 10. dxe4 Nc5 11. Qe2 Ne6 12. c3 Qc7 13. Bg2 h5 14. h4 Ng4 15. Bh3 g5 16. hxg5 Nxg5 17. Bxg4 hxg4 18. Qxg4 Qd6 19. Kg2 Qh6 20. Nf3 Qh5 21. Qxh5 Rxh5 22. Bxg5 Bxg5 23. g4 1-0


[Site "https://www.chess.com"]

[Event "Titled Tuesday Blitz April 25 Early 2023"]
[White "De Silva, L M S T"]
[Black "Tari, Aryan"]
[WhiteFideId "9953698"]
[BlackFideId "1510045"]
[WhiteElo "2404"]
[BlackElo "2561"]
[Result "0-1"]
[Round "04"]
[TimeControl "180+2"]
[Date "2023.04.25"]
[WhiteClock "0:00:02"]
[BlackClock "0:00:03"]

1. c4 c5 2. Nf3 Nc6 3. e3 Nf6 4. Nc3 e6 5. d4 d5 6. cxd5 exd5 7. Be2 Bd6 8. O-O O-O 9. dxc5 Bxc5 10. b3 Bg4 11. Bb2 Bd6 12. Nd4 Bxe2 13. Ncxe2 Ne4 14. Nc3 Re8 15. Nf3 Ba3 16. Bxa3 Nxc3 17. Qd3 d4 18. Bb2 Nb4 19. Qc4 Nc2 20. Nxd4 Rc8 21. Qd3 Nxd4 22. exd4 Ne2+ 23. Kh1 Qd5 24. Qd2 Rc6 25. Rae1 Rce6 26. f3 b6 27. g3 h5 28. Kg2 h4 29. Kf2 hxg3+ 30. hxg3 Qh5 31. Rh1 Qg6 32. g4 Nf4 33. Qxf4 Qc2+ 34. Kg3 Rxe1 35. Rxe1 Rxe1 0-1


[Site "https://www.chess.com"]

[Event "Titled Tuesday Blitz April 25 Early 2023"]
[White "Mamedov, Edgar"]
[Black "Timofeev, Artyom"]
[WhiteFideId "13739980"]
[BlackFideId "4140419"]
[WhiteElo "2330"]
[BlackElo "2586"]
[Result "0-1"]
[Round "04"]
[TimeControl "180+2"]
[Date "2023.04.25"]
[WhiteClock "0:00:01"]
[BlackClock "0:00:05"]

1. d4 d5 2. Nf3 Nf6 3. c4 dxc4 4. e3 e6 5. Bxc4 c5 6. O-O a6 7. Be2 cxd4 8. Nxd4 Bc5 9. Nc3 O-O 10. Nb3 Be7 11. e4 Nc6 12. Be3 Bd7 13. Nc5 Qc7 14. Nxd7 Nxd7 15. Rc1 Nf6 16. Qb3 Rac8 17. Rfd1 Qb8 18. Qb6 h6 19. f4 Bb4 20. Bf3 Ba5 21. Qb3 e5 22. Nd5 Nxd5 23. exd5 Nd4 24. Bxd4 exd4 25. g3 b5 26. Rc6 Qa7 27. Qd3 Bb6 28. Rdc1 Rce8 29. Kg2 Re3 30. Qf5 d3 31. Rd1 Bd4 32. Rxd3 g6 33. Rxg6+ fxg6 34. Qxg6+ Bg7 35. Be4 Rxe4 36. Qxe4 Qd7 37. d6 Re8 38. Qd5+ Kh8 39. Rd2 b4 40. h3 Rc8 41. h4 Re8 42. h5 Bf6 43. Kh2 Kg7 44. Qd3 Qg4 45. Qd5 Rd8 46. d7 a5 47. Kg2 a4 48. b3 a3 49. Kh2 Bc3 50. Rf2 Qxd7 51. Qe4 Qd4 52. Qe7+ Kh8 0-1


[Site "https://www.chess.com"]

[Event "Titled Tuesday Blitz April 25 Early 2023"]
[White "polandchessplayer"]
[Black "Kosakowski, Jakub"]
[BlackFideId "1185080"]
[WhiteElo "2619"]
[BlackElo "2488"]
[Result "0-1"]
[Round "04"]
[TimeControl "180+2"]
[Date "2023.04.25"]
[WhiteClock "0:00:18"]
[BlackClock "0:01:16"]

1. d4 Nf6 2. Nf3 e6 3. c4 Bb4+ 4. Nbd2 O-O 5. g3 c5 6. dxc5 Bxc5 7. Bg2 d5 8. O-O h6 9. a3 a5 10. e3 Nc6 11. b3 Qe7 12. Bb2 Rd8 13. Qe2 b6 14. Rfc1 Ba6 15. Qe1 Rac8 16. Bf1 Bb7 17. Bg2 d4 18. exd4 Nxd4 19. Nxd4 Bxd4 20. Bxd4 Rxd4 21. Nf3 Rd3 22. Rc3 Rcd8 23. Ne5 Rxc3 24. Qxc3 Bxg2 25. Kxg2 Qc5 26. Nf3 Ne4 27. Qc2 f5 28. Re1 Rd2 29. Nxd2 Qxf2+ 30. Kh3 Ng5+ 0-1


[Site "https://www.chess.com"]

[Event "Titled Tuesday Blitz April 25 Early 2023"]
[White "Mahdavi, Reza"]
[Black "Lehtosaari, Mauri"]
[WhiteFideId "12595926"]
[BlackFideId "501999"]
[WhiteElo "2357"]
[BlackElo "2540"]
[Result "1-0"]
[Round "04"]
[TimeControl "180+2"]
[Date "2023.04.25"]
[WhiteClock "0:00:48"]
[BlackClock "0:00:09"]

1. Nf3 d5 2. g3 Nf6 3. Bg2 c6 4. c4 Bg4 5. Ne5 Be6 6. cxd5 Bxd5 7. Nf3 e6 8. Nc3 c5 9. O-O Bc6 10. d3 Be7 11. e4 O-O 12. Qe2 b6 13. Rd1 Qc8 14. d4 Rd8 15. Bg5 h6 16. Bf4 Qb7 17. dxc5 Rxd1+ 18. Rxd1 bxc5 19. Ne5 Be8 20. Nc4 Nc6 21. e5 Nh7 22. Ne4 Rd8 23. Rxd8 Bxd8 24. Ncd6 Bd7 25. Nxb7 1-0


[Site "https://www.chess.com"]

[Event "Titled Tuesday Blitz April 25 Early 2023"]
[White "Kushko, Dmitriy"]
[Black "Sarana, Alexey"]
[WhiteFideId "14162261"]
[BlackFideId "24133795"]
[WhiteElo "2230"]
[BlackElo "2714"]
[Result "0-1"]
[Round "04"]
[TimeControl "180+2"]
[Date "2023.04.25"]
[WhiteClock "0:00:10"]
[BlackClock "0:00:30"]

1. f4 Nc6 2. Nf3 d6 3. e4 Bg4 4. h3 Bxf3 5. Qxf3 e5 6. Bc4 Nd4 7. Qd3 Qh4+ 8. g3 Qh5 9. c3 Nc6 10. Qe2 Qg6 11. g4 exf4 12. d4 Nf6 13. Bd3 Qh6 14. Qg2 O-O-O 15. Nd2 g5 16. Kd1 Qg7 17. Nf3 h6 18. Bd2 Nd7 19. Kc2 Nb6 20. h4 Be7 21. h5 Kb8 22. Rhe1 Bf6 23. b4 Rhe8 24. a4 a5 25. b5 Ne7 26. Qf2 Nec8 27. c4 Nd7 28. Bxa5 Nc5 29. Bc3 Nxd3 30. Kxd3 Qh7 31. Re2 d5 32. cxd5 Rxd5 33. Rae1 Rdd8 34. Kc2 Nb6 35. Kb3 Bh8 36. a5 Nc8 37. d5 Bxc3 38. Kxc3 Nd6 39. Nd2 Qg7+ 40. Kb4 Qb2+ 41. Nb3 Rxe4+ 0-1


[Site "https://www.chess.com"]

[Event "Titled Tuesday Blitz April 25 Early 2023"]
[White "Ferenc83"]
[Black "Andreikin, Dmitry"]
[BlackFideId "4158814"]
[WhiteElo "2585"]
[BlackElo "2736"]
[Result "0-1"]
[Round "04"]
[TimeControl "180+2"]
[Date "2023.04.25"]
[WhiteClock "0:00:08"]
[BlackClock "0:00:19"]

1. e4 c5 2. Nf3 e6 3. b3 b6 4. Bb2 Bb7 5. Qe2 Nc6 6. Na3 a6 7. Nc4 b5 8. Ne3 Nf6 9. e5 Nh5 10. g3 Nd4 11. Nxd4 cxd4 12. Bxd4 Bxh1 13. Qxh5 Be4 14. Qg4 Bg6 15. c4 Qa5 16. Qf3 Rb8 17. c5 Qb4 18. Bc3 Qxc5 19. h4 h5 20. Qf4 Be7 21. Be2 Rc8 22. b4 Qc7 23. Qd4 Qb7 24. a4 O-O 25. axb5 axb5 26. Ra7 Qh1+ 27. Bf1 Ra8 28. Qxd7 Rxa7 29. Qxa7 Bd8 30. Qa6 Bd3 31. Qd6 Bxf1 32. Nxf1 Qb7 33. Ne3 Bb6 34. Qd3 Bxe3 35. Qxe3 Qd5 36. Ke2 Rc8 37. f3 Qc4+ 38. Kf2 Ra8 39. Qg5 Ra2 40. Qe3 Rc2 41. Qe2 Qd5 42. f4 Rc1 43. Qxh5 Rh1 44. Qf3 Rf1+ 0-1


[Site "https://www.chess.com"]

[Event "Titled Tuesday Blitz April 25 Early 2023"]
[White "Shimanov, Aleksandr"]
[Black "Koellner, Ruben Gideon"]
[WhiteFideId "4198603"]
[BlackFideId "12993093"]
[WhiteElo "2631"]
[BlackElo "2314"]
[Result "1-0"]
[Round "04"]
[TimeControl "180+2"]
[Date "2023.04.25"]
[WhiteClock "0:00:57"]
[BlackClock "0:00:01"]

1. b3 d5 2. Bb2 Nd7 3. c4 e6 4. Nf3 Ngf6 5. g3 c6 6. Bg2 Bd6 7. O-O O-O 8. d4 Ne4 9. Nc3 f5 10. e3 Qf6 11. Ne2 g5 12. Ne1 Qh6 13. Nd3 Nef6 14. f3 g4 15. f4 b5 16. Qc1 Ba6 17. cxd5 b4 18. Rd1 cxd5 19. Qc6 Rab8 20. Qxa6 Rb6 21. Qxa7 Rfb8 22. Rdc1 Qf8 23. Nc5 Bxc5 24. dxc5 Ra8 25. Qc7 Rc8 26. cxb6 Rxc7 27. bxc7 Qc8 28. Nd4 1-0


[Site "https://www.chess.com"]

[Event "Titled Tuesday Blitz April 25 Early 2023"]
[White "Eljanov, Pavel"]
[Black "Ezat, Mohamed"]
[WhiteFideId "14102951"]
[BlackFideId "10600906"]
[WhiteElo "2598"]
[BlackElo "2386"]
[Result "1-0"]
[Round "04"]
[TimeControl "180+2"]
[Date "2023.04.25"]
[WhiteClock "0:00:24"]
[BlackClock "0:00:04"]

1. c4 Nf6 2. Nc3 g6 3. e4 d6 4. d4 Bg7 5. Be2 O-O 6. h4 c5 7. d5 e6 8. h5 exd5 9. exd5 Re8 10. h6 Bh8 11. Nf3 Bf5 12. O-O Ne4 13. Nxe4 Bxe4 14. Ng5 Bf5 15. Bd3 Bxd3 16. Qxd3 Nd7 17. a4 Qe7 18. Ra3 Qe2 19. Qg3 Be5 20. Bf4 Qxc4 21. Rf3 Qxd5 22. Rd3 Bd4 23. Be3 Ne5 24. Rdd1 f6 25. Nh3 Qe4 26. Bxd4 cxd4 27. Rfe1 Qg4 28. Qb3+ Kh8 29. Qxb7 Rg8 30. Qe7 Raf8 31. Kh1 d3 32. Qxd6 Nf3 33. Re7 Nh4 34. Rg1 d2 35. Qc7 1-0


[Site "https://www.chess.com"]

[Event "Titled Tuesday Blitz April 25 Early 2023"]
[White "Grigoriants, Sergey"]
[Black "Hamitevici, Vladimir"]
[WhiteFideId "4130804"]
[BlackFideId "13902393"]
[WhiteElo "2502"]
[BlackElo "2401"]
[Result "1/2-1/2"]
[Round "04"]
[TimeControl "180+2"]
[Date "2023.04.25"]
[WhiteClock "0:00:08"]
[BlackClock "0:00:04"]

1. d4 Nf6 2. c4 e6 3. g3 c5 4. d5 exd5 5. cxd5 d6 6. Bg2 g6 7. Nc3 Bg7 8. Nf3 O-O 9. O-O Re8 10. h3 a6 11. a4 Ne4 12. Nxe4 Rxe4 13. Nd2 Rb4 14. Qc2 Nd7 15. Ra3 Qf6 16. Ne4 Qe7 17. Re3 Qf8 18. b3 b5 19. Bd2 Rd4 20. Bc3 bxa4 21. bxa4 Bb7 22. Bxd4 cxd4 23. Ra3 Bxd5 24. Qc7 Rd8 25. Rc1 Bxe4 26. Bxe4 Nc5 27. Bd5 Rc8 28. Qa7 Re8 29. Rf3 Re7 30. Qb6 Be5 31. Rb1 Kg7 32. Qb8 Qxb8 33. Rxb8 Nxa4 34. Kf1 Nc5 35. Bc4 Ne4 36. Kg2 Nd2 37. Bd5 Nxf3 38. Kxf3 Ra7 39. Rb3 a5 40. Ra3 f5 41. g4 Kf6 42. Ra4 Kg5 43. Be6 Kf6 44. Bc4 fxg4+ 45. Kxg4 Ke7 46. f4 Bf6 47. Bd3 Kd7 48. f5 g5 49. Kf3 d5 50. Kg4 Kd6 51. Kh5 Ke5 52. Kh6 Kf4 53. Kh5 Kg3 54. Ra3 Kf2 55. Kg4 Be7 56. Ra4 Bf6 57. Ra2 Ke3 58. Ra4 Kd2 59. Kh5 Kc3 60. Kh6 Kb3 61. Bb5 Kc3 62. Bd3 Kd2 63. Bb5 Ke3 64. Ra3+ Kf4 65. Bd3 Ke5 66. Ra4 Kf4 67. Kh5 Kg3 68. Ra3 Kh2 69. Bb5 Kg2 70. Kg4 Kf2 71. Bd3 Bd8 72. Bb5 Rc7 73. Rxa5 Rc5 74. Ra8 Rxb5 75. Rxd8 Kxe2 76. f6 Rb7 77. Rxd5 d3 78. Re5+ Kf2 79. Rd5 Ke2 80. Re5+ Kf2 81. Rd5 Ke2 1/2-1/2


[Site "https://www.chess.com"]

[Event "Titled Tuesday Blitz April 25 Early 2023"]
[White "Taboas Rodriguez, Daniel"]
[Black "Van Foreest, Jorden"]
[WhiteFideId "2208466"]
[BlackFideId "1039784"]
[WhiteElo "2365"]
[BlackElo "2633"]
[Result "0-1"]
[Round "04"]
[TimeControl "180+2"]
[Date "2023.04.25"]
[WhiteClock "0:00:09"]
[BlackClock "0:01:16"]

1. d4 Nf6 2. Nf3 e6 3. c4 d6 4. Nc3 d5 5. Bg5 Be7 6. e3 Nbd7 7. Rc1 h6 8. Bh4 c6 9. Bd3 dxc4 10. Bxc4 b5 11. Bd3 Bb7 12. O-O a6 13. Bxf6 gxf6 14. Ne4 c5 15. Nxc5 Nxc5 16. dxc5 Qd5 17. e4 Qxa2 18. c6 Bc8 19. Qc2 Qa5 20. e5 Kf8 21. Rfe1 f5 22. Qe2 Qb6 23. Qd2 Ra7 24. Rc2 Rc7 25. Rec1 Kg7 26. Qf4 Rd8 27. Qg3+ Kh7 28. Bf1 a5 29. Qf4 a4 30. g4 fxg4 31. Qxf7+ Kh8 32. Nd2 Bg5 33. Qh5 Qd4 34. Bxb5 Rf8 0-1


[Site "https://www.chess.com"]

[Event "Titled Tuesday Blitz April 25 Early 2023"]
[White "Durarbayli, Vasif"]
[Black "Jeet, Jain"]
[WhiteFideId "13402935"]
[BlackFideId "5073022"]
[WhiteElo "2551"]
[BlackElo "2067"]
[Result "1-0"]
[Round "04"]
[TimeControl "180+2"]
[Date "2023.04.25"]
[WhiteClock "0:01:28"]
[BlackClock "0:00:06"]

1. e4 c6 2. d4 d5 3. exd5 cxd5 4. c4 Nf6 5. Nc3 g6 6. Qb3 Bg7 7. cxd5 O-O 8. Be2 Nbd7 9. Nh3 Nb6 10. Nf4 Bf5 11. Bf3 Rc8 12. O-O Bd3 13. Re1 Bc4 14. Qb4 Nfxd5 15. Bxd5 Nxd5 16. Nfxd5 Bxd5 17. Qxe7 Bc6 18. Qxd8 Rfxd8 19. Be3 Bxd4 20. Bxd4 Rxd4 21. Rad1 Rcd8 22. Rxd4 Rxd4 23. f3 Rd2 24. Re2 Rxe2 25. Nxe2 Kg7 26. Kf2 Kf6 27. Ke3 Ke5 28. Nd4 f5 29. f4+ Kd5 30. g3 Bd7 31. Nf3 a5 32. Ng5 h5 33. Nf3 Be8 34. Ne5 b5 35. a3 Kc5 36. Kd3 Kd5 37. b4 axb4 38. axb4 Ke6 39. Kd4 Kd6 40. h4 Ke7 41. Kc5 Ke6 42. Nf3 Kf6 43. Nd4 Ke7 44. Nxb5 Kd7 45. Nd4 Bf7 46. Nf3 Kc7 47. Ne5 Be8 48. b5 Kb7 49. b6 Kb8 50. Nc4 Ba4 51. Nd6 Bd1 52. Kd4 1-0


[Site "https://www.chess.com"]

[Event "Titled Tuesday Blitz April 25 Early 2023"]
[White "Panesso Rivera, Henry"]
[Black "Corrales Jimenez, Fidel"]
[WhiteFideId "4402707"]
[BlackFideId "3506690"]
[WhiteElo "2345"]
[BlackElo "2541"]
[Result "0-1"]
[Round "04"]
[TimeControl "180+2"]
[Date "2023.04.25"]
[WhiteClock "0:01:25"]
[BlackClock "0:01:06"]

1. Nf3 c5 2. c4 Nc6 3. e3 Nf6 4. Nc3 d5 5. cxd5 Nxd5 6. d4 cxd4 7. exd4 e6 8. Bc4 Be7 9. O-O O-O 10. a3 Nxc3 11. bxc3 b6 12. Re1 Bb7 13. Re3 Rc8 14. Bd3 g6 15. h4 Na5 16. h5 Rxc3 17. hxg6 hxg6 18. Bb2 Rb3 19. Qe2 Bg5 20. Rxe6 Bxf3 21. Rxg6+ fxg6 22. Qe6+ Rf7 23. Bxg6 Qf6 24. Bxf7+ Qxf7 25. Qe5 Bf6 26. Qb8+ Qf8 27. Qf4 Qg7 28. Qb8+ Kf7 29. Qc7+ Be7 30. Qf4+ Kg8 31. g3 Qh7 0-1


[Site "https://www.chess.com"]

[Event "Titled Tuesday Blitz April 25 Early 2023"]
[White "Osinenko, Anton"]
[Black "Lenderman, Aleksandr"]
[WhiteFideId "4158970"]
[BlackFideId "2021285"]
[WhiteElo "2294"]
[BlackElo "2607"]
[Result "0-1"]
[Round "04"]
[TimeControl "180+2"]
[Date "2023.04.25"]
[WhiteClock "0:00:25"]
[BlackClock "0:01:36"]

1. e4 d5 2. exd5 Nf6 3. Nc3 Nxd5 4. Bc4 Nb6 5. Bb3 Nc6 6. Nge2 Bf5 7. d4 e6 8. O-O Be7 9. Be3 O-O 10. Ng3 Bg6 11. Qd2 Na5 12. Qe2 Nxb3 13. axb3 Nd5 14. Nxd5 Qxd5 15. c4 Qd7 16. Rfd1 Rfd8 17. d5 a6 18. Bf4 Bf6 19. dxe6 Qxe6 20. Qxe6 fxe6 21. Bxc7 Rxd1+ 22. Rxd1 Bxb2 23. Ne2 Bf6 24. Rd2 Rc8 25. Ba5 b5 26. cxb5 axb5 27. f3 Rc2 28. Nf4 Rxd2 29. Bxd2 Bc2 30. b4 Bd4+ 31. Kf1 Bb3 32. Ne2 Bc4 33. Ke1 Be5 34. f4 Bd6 35. Kf2 Kf7 36. Ng3 Kg6 37. Ke3 Bc7 38. Bc3 h5 39. Ne4 Kf5 40. g3 g6 41. Bd4 Bd5 42. Ng5 e5 43. Nh3 exd4+ 44. Kxd4 Bc4 45. Kc5 Bd8 0-1


[Site "https://www.chess.com"]

[Event "Titled Tuesday Blitz April 25 Early 2023"]
[White "Melikyan, Gnel"]
[Black "Henriquez Villagra, Cristobal"]
[WhiteFideId "54109990"]
[BlackFideId "3409350"]
[WhiteElo "2138"]
[BlackElo "2542"]
[Result "0-1"]
[Round "04"]
[TimeControl "180+2"]
[Date "2023.04.25"]
[WhiteClock "0:00:01"]
[BlackClock "0:00:18"]

1. d4 Nf6 2. c4 g6 3. Nc3 Bg7 4. e4 d6 5. Be2 O-O 6. Be3 Na6 7. f3 e5 8. d5 Nh5 9. Qd2 f5 10. a3 Nc5 11. Bg5 Bf6 12. Bxf6 Qxf6 13. Qe3 Nb3 14. Rd1 Nd4 15. Rd2 c5 16. dxc6 bxc6 17. Bf1 Be6 18. Nge2 c5 19. Nc1 Rab8 20. Nb5 fxe4 21. Qxe4 Rb6 22. b4 Bf5 23. Qd5+ Be6 24. Qe4 Nf4 25. g3 Bf5 26. Qe3 Nfe6 27. Kf2 Bg4 28. Bg2 Bxf3 29. Bxf3 Nxf3 30. Rxd6 Ng1+ 31. Ke1 Qf1+ 32. Kd2 Rf2+ 33. Kc3 Nd4 34. Qxe5 Rc2# 0-1


[Site "https://www.chess.com"]

[Event "Titled Tuesday Blitz April 25 Early 2023"]
[White "Akash G"]
[Black "demon64fields"]
[WhiteFideId "5040299"]
[WhiteElo "2395"]
[BlackElo "2879"]
[Result "1-0"]
[Round "04"]
[TimeControl "180+2"]
[Date "2023.04.25"]
[WhiteClock "0:00:14"]
[BlackClock "0:01:02"]

1. Nf3 g6 2. e4 Bg7 3. d4 c6 4. c3 d5 5. e5 Bg4 6. Nbd2 e6 7. h3 Bxf3 8. Nxf3 Ne7 9. Bd3 c5 10. dxc5 Nd7 11. b4 Nxe5 12. Nxe5 Bxe5 13. Bb2 O-O 14. O-O Bg7 15. Qe2 Nc6 16. Rad1 Qf6 17. Ba1 e5 18. Bc2 Rad8 19. Bb3 d4 20. b5 Na5 21. cxd4 exd4 22. Rd3 Rfe8 23. Qd2 Nxb3 24. axb3 Qe5 25. b4 Rd5 26. Rd1 Red8 27. Qa2 Qb8 28. Qc4 Qf4 29. c6 Qd6 30. cxb7 Qb6 31. Bxd4 Qxb5 32. Qxb5 Rxb5 33. Bxa7 Rxd3 34. Rxd3 Rxb7 35. Rd8+ Bf8 36. Bc5 Kg7 37. Rxf8 Rd7 38. Rc8 Rd1+ 39. Kh2 Rb1 40. f3 h5 41. Rc6 g5 42. Bd4+ Kh7 43. Bc3 f5 44. Rc7+ Kg6 45. Rc6+ Kh7 46. Bd2 f4 47. Rc5 Kg6 48. Rc6+ Kf5 49. Rc4 Rb2 50. Rd4 h4 51. Rd5+ Ke6 52. Rd3 Kf5 53. Bc3 Rb3 54. Rd5+ Kg6 55. Rc5 Rb1 56. b5 Rb3 57. Rc6+ Kh5 58. b6 Rb5 59. Kg1 g4 60. hxg4+ Kg5 61. Bf6+ Kg6 62. Bxh4+ Kf7 63. Bf2 Rb1+ 64. Kh2 Rb2 65. Bg1 1-0


[Site "https://www.chess.com"]

[Event "Titled Tuesday Blitz April 25 Early 2023"]
[White "Kamsky, Gata"]
[Black "Vlassov, Nikolai"]
[WhiteFideId "2000024"]
[BlackFideId "4103360"]
[WhiteElo "2660"]
[BlackElo "2324"]
[Result "1/2-1/2"]
[Round "04"]
[TimeControl "180+2"]
[Date "2023.04.25"]
[WhiteClock "0:00:04"]
[BlackClock "0:00:03"]

1. e4 Nc6 2. Nf3 d5 3. exd5 Qxd5 4. Nc3 Qa5 5. d4 Bg4 6. Bb5 O-O-O 7. Bxc6 bxc6 8. h3 Qh5 9. Qd3 Bxf3 10. gxf3 e6 11. f4 Bb4 12. Bd2 Ne7 13. Qe2 Qxe2+ 14. Nxe2 Bxd2+ 15. Kxd2 c5 16. c3 Nf5 17. Kd3 Rd6 18. Rhd1 Rhd8 19. Ke4 cxd4 20. cxd4 Rd5 21. Rac1 Nd6+ 22. Kf3 Ra5 23. a3 Kb7 24. Rc5 Ra6 25. d5 exd5 26. Rcxd5 Rb6 27. b4 Re8 28. Nc3 Nc4 29. Na4 Rf6 30. Nc5+ Kc6 31. a4 Ne5+ 32. Kg3 Rg6+ 33. Kh2 Nf3+ 34. Kh1 Re1+ 35. Rxe1 Nxe1 36. Rd1 Nf3 37. Ne4 Kb6 38. Nc3 c6 39. Ne4 a5 40. bxa5+ Kxa5 41. f5 Rh6 42. Nc5 Kb4 43. Rc1 Nd4 44. Kg2 Nxf5 45. Nd3+ Kxa4 46. Ne5 Kb5 47. Nxf7 Rg6+ 48. Kf3 c5 49. Ne5 Nd4+ 50. Ke4 Rh6 51. Rb1+ Ka6 52. Nd3 Rh4+ 53. Kd5 Rh5+ 54. Kc4 Ne6 55. Re1 Rh4+ 56. Kc3 Nf4 57. Nxc5+ Kb5 58. Ne6 Nxe6 59. Rxe6 Rxh3+ 60. Kd4 Rh4+ 61. Ke3 Rh3+ 62. f3 Rg3 63. Re7 h5 64. Kf2 h4 65. Re5+ Kc4 66. Rh5 g5 67. f4 gxf4 68. Rxh4 Rd3 69. Rxf4+ Rd4 70. Rxd4+ Kxd4 1/2-1/2


[Site "https://www.chess.com"]